 Dungeon Sprint DCSS version 0.30-a0-360-g447f08457e (webtiles) character file.

Game seed: 1723507253597187973

185 Pestilence the Trooper (level 5, -2/47 HPs)
             Began as a Demonspawn Gladiator on Nov 13, 2022.
             Was an Initiate of Makhleb.
             Slain by a komodo dragon (22 damage)
             ... in the Dungeon (Sprint IX: "|||||||||||||||||||||||||||||").
             The game lasted 00:00:53 (196 turns).

Pestilence the Trooper (Demonspawn Gladiator)        Turns: 196, Time: 00:00:53

Health: -2/47      AC: 12    Str: 17    XL:     5   Next: 37%
Magic:  5/5        EV:  7    Int: 12    God:    Makhleb [......]
Gold:   0          SH:  0    Dex: 17    Spells: 4/4 levels left

rFire   . . .      SeeInvis .    a - +0 long sword
rCold   . . .      Faith    .    (no shield)
rNeg    . . .      Spirit   .    p - +0 plate armour
rPois   .          Reflect  .    o - +0 helmet
rElec   .          Harm     .    (no cloak)
rCorr   .          Rampage  .    (no gloves)
Will    .....      NoTele   +    n - +0 pair of boots
Stlth   ..........               (no amulet)
HPRegen 0.27/turn                q - +3 ring of intelligence
MPRegen 0.09/turn                r - +3 ring of dexterity

@: no status effects
A: demonic touch 1
a: Renounce Religion


You were in the Dungeon.
You worshipped Makhleb.
Makhleb was noncommittal.
You visited 1 branch

Inventory:

Hand Weapons
 a - a +0 long sword (weapon)
Missiles
 d - 3 throwing nets (quivered)
 e - a javelin
Armour
 n - a +0 pair of boots (worn)
 o - a +0 helmet (worn)
 p - a +0 plate armour (worn)
Jewellery
 q - a +3 ring of intelligence (left hand)
 r - a +3 ring of dexterity (right hand)
Wands
 m - a wand of iceblast (10)
Scrolls
 k - 2 scrolls of blinking
 l - 2 scrolls of amnesia
Potions
 f - 5 potions of curing
 g - a potion of invisibility
 h - a potion of haste
 i - 4 potions of magic
 j - a potion of heal wounds


   Skills:
 + Level 6.7 Fighting
 + Level 6.4 Long Blades
 - Level 1.7 Throwing
 + Level 6.4 Dodging
 + Level 0.0 Invocations


You had 4 spell levels left.
You didn't know any spells.
Your spell library was empty.

Dungeon Overview and Level Annotations

Branches:
Dungeon (1/1)

Altars:
Cheibriados
Dithmenos
Fedhas
Gozag
Hepliaklqana
Kikubaaqudgha
Makhleb
Nemelex Xobeh
Okawaru
Qazlal
Ru
Sif Muna
Trog
Uskayaw
Vehumet
Wu Jian
Xom
Yredelemnul
Jiyva
Lugonu


Innate Abilities, Weirdness & Mutations

Your touch may inflict minor irresistible damage on your foes.


Message History

You finish putting on your +0 plate armour.
You drop a +0 leather armour.
You drop a +0 helmet.
You feel clever.
q - a +3 ring of intelligence (left hand)
You feel agile.
r - a +3 ring of dexterity (right hand)
You open the door.
A yak, a kobold brigand, 2 dragons, a howler monkey and a komodo dragon come into view.
The kobold brigand is wielding a +0 short sword and quivering poisoned darts.
The acid dragon roars!
The yak bellows!
The kobold brigand shouts!
The howler monkey howls!
You hit the komodo dragon.
The komodo dragon is lightly wounded.
The komodo dragon bites you.
You hit the komodo dragon but do no damage.
You touch the komodo dragon!
The komodo dragon is moderately wounded.
The komodo dragon bites you!!
The howler monkey hoots and howls with incredible vigour!
You barely miss the komodo dragon.
The komodo dragon is moderately wounded.
The komodo dragon bites you but does no damage.
You hit the komodo dragon but do no damage.
You touch the komodo dragon!
The komodo dragon is heavily wounded.
The komodo dragon bites you. x2
You feel much better. The komodo dragon bites you!
You hit the komodo dragon but do no damage.
Your touch misses the komodo dragon.
The komodo dragon is heavily wounded.
The komodo dragon barely misses you.
Okay, then.
You hit the komodo dragon.
The komodo dragon is severely wounded.
The komodo dragon bites you!
You hit the komodo dragon.
The komodo dragon is severely wounded.
The komodo dragon bites you!!
You die...

▓.▓
▓D▓
▓Y▓
▓K▓
▓D▓
▓h▓
▓l▓
▓@▓
▓.▓
▓.▓
▓.▓
▓.▓
▓.▓
▓[▓
▓.▓
▓.▓


You could see a komodo dragon, a yak, a steam dragon, an acid dragon, a kobold
brigand and a howler monkey.

Vanquished Creatures
  A scorpion (D)
  A hound (D)
  A jelly (D)
  An orc priest (D)
  An orc wizard (D)
  A dart slug (D)
  A ball python (D)
  2 hobgoblins (D)
  A goblin (D)
10 creatures vanquished.

Notes
Turn   | Place    | Note
-------+----------+-------------------------------------------
     0 | D        | Pestilence the Demonspawn Gladiator began the quest for the
                  | Orb.
     0 | D        | Reached XP level 1. HP: 16/16 MP: 1/1
    59 | D        | Noticed an orc wizard
    59 | D        | Noticed a jelly
    59 | D        | Noticed an orc priest
    59 | D        | Noticed a scorpion
    59 | D        | Noticed a hound
    65 | D        | Killed a hound
    66 | D        | Gained mutation: Your touch may inflict minor irresistible
                  | damage on your foes. [demonic ancestry]
    66 | D        | Reached XP level 2. HP: 25/25 MP: 2/2
    66 | D        | Reached XP level 3. HP: 30/30 MP: 3/3
    68 | D        | Killed a scorpion
    69 | D        | Reached skill level 5 in Fighting
    69 | D        | Reached skill level 5 in Long Blades
    69 | D        | Reached skill level 5 in Dodging
    69 | D        | Reached XP level 4. HP: 39/39 MP: 4/4
    76 | D        | Reached XP level 5. HP: 28/47 MP: 5/5
   101 | D        | Found a snail-covered altar of Cheibriados.
   101 | D        | Found a shadowy altar of Dithmenos.
   101 | D        | Found a blossoming altar of Fedhas.
   101 | D        | Found an opulent altar of Gozag.
   102 | D        | Found a hazy altar of Hepliaklqana.
   103 | D        | Found a viscous altar of Jiyva.
   104 | D        | Found an ancient bone altar of Kikubaaqudgha.
   105 | D        | Found a corrupted altar of Lugonu.
   106 | D        | Found a burning altar of Makhleb.
   107 | D        | Found a sparkling altar of Nemelex Xobeh.
   108 | D        | Found an iron altar of Okawaru.
   109 | D        | Found a stormy altar of Qazlal.
   110 | D        | Found a sacrificial altar of Ru.
   111 | D        | Found a shimmering blue altar of Sif Muna.
   112 | D        | Found a bloodstained altar of Trog.
   113 | D        | Found a hide-covered altar of Uskayaw.
   114 | D        | Became a worshipper of Makhleb the Destroyer
   115 | D        | Found a radiant altar of Vehumet.
   116 | D        | Found an ornate altar of the Wu Jian Council.
   117 | D        | Found a shimmering altar of Xom.
   118 | D        | Found a basalt altar of Yredelemnul.
   188 | D        | Noticed an acid dragon
   188 | D        | Noticed a yak
   188 | D        | Noticed a steam dragon
   188 | D        | Noticed a komodo dragon
   196 | D        | Slain by a komodo dragon

Illustrated notes

Levels and vault maps discovered:
D:        linesprint [early_d, line_temple, items_1, d_10, items_2, lair_1,
          lair_end, items_3, orc_1, orc_end, items_4, d_15, swamp_1, shoals_1,
          snake_1, spider_1, d_20, vaults_1, items_5, swamp_end, shoals_end,
          snake_end, spider_end, vaults_end, d_27, items_6, zot_1, zot_end,
          crypt_end, forest_end, elf_end, slime_end, tomb_end, abyss_end,
          pan_hell_end]

Skill      XL: |  1  2  3  4 |
---------------+-------------+-----
Long Blades    | 4 5 6 |  6.4
Dodging        | 4 5 6 |  6.4
Fighting       | 4 5 6 |  6.7
Throwing       | |  1.7

Action                   |  1- 3 |  4- 6 || total
-------------------------+-------+-------++-------
Melee: Long sword        |    23 |    15 ||    38
       Touch             |       |     3 ||     3
  Use: Potion            |     2 |     1 ||     3
Armor: Leather armour    |     7 |     3 ||    10
       Plate armour      |       |     1 ||     1
Dodge: Dodged            |    13 |     4 ||    17

Table legend: (Time is in decaauts)
 A = Elapsed time spent in this place.
 B = Non-inter-level travel time spent in this place.
 C = Inter-level travel time spent in this place.
 D = Time resting spent in this place.
 E = Time spent auto-exploring this place.
 F = Levels seen in this place.
 G = Mean time per level.
                   A        B        C        D        E       F      G
               +--------+--------+--------+--------+--------+-----+--------+
         Total |    206 |    206 |      0 |     56 |      0 |   1 |  206.0 |
       Dungeon |    206 |    206 |      0 |     56 |      0 |   1 |  206.0 |
               +--------+--------+--------+--------+--------+-----+--------+

Top non-repeatable levels by time:
       D: 206 daAuts
